APL (24 & UNDER)
NANTUCKET ORCAS @ ATHENS ASSASSINS
06/15/2027
 
TOP OF THE 1ST
Nantucket Orcas batting - Pitching for Athens Assassins : RHP Ole Moree
Pitching: RHP Ole Moree
Batting: RHB Jorge Hernández 0-0: Called Strike
0-1: Fly out, F8 (Line Drive, 8RD)
Batting: RHB Mike Willis 0-0: Ball
1-0: Called Strike
1-1: Ball
2-1: Foul Ball, location: 2F
2-2: Foul Ball, location: 2F
2-2: Ball
3-2: Foul Ball, location: 2F
3-2: Base on Balls
Batting: SHB Cory Campbell 0-0: Called Strike
0-1: Swinging Strike
0-2: Ball
1-2: Ball
2-2: Ball
3-2: Base on Balls
Mike Willis to second
Batting: RHB Pepe Franco 0-0: Called Strike
0-1: Ball
1-1: Called Strike
1-2: Fly out, F9 (Flyball, 9LM)
Batting: LHB Noah Gillespie 0-0: Ball
1-0: Called Strike
1-1: Called Strike
1-2: Ball
2-2: Ball
3-2: Ground out 4-3 (Groundball, 34)
Top of the 1st over - 0 run(s), 0 hit(s), 0 error(s), 2 left on base; Nantucket 0 - Athens 0
BOTTOM OF THE 1ST
Athens Assassins batting - Pitching for Nantucket Orcas : RHP Loeck Adriaanse
Pitching: RHP Loeck Adriaanse
Batting: SHB Emílio Calvillo 0-0: Bunt missed!
0-1: Fly out, F5 (Popup, 5S)
Batting: RHB Alexander Barr 0-0: Ball
1-0: Ball
2-0: SINGLE (Flyball, 9LS)
Batting: RHB Jason Erickson 0-0: Ball
1-0: Foul Ball, location: 2F
1-1: Ball
2-1: 2-RUN HOME RUN (Flyball, 7D), Distance : 363 ft
Batting: RHB Roderick Silva 0-0: Ball
1-0: Ball
2-0: Ball
3-0: Base on Balls
Batting: RHB Foster Hapgood 0-0: Ball
1-0: Ball
2-0: Ball
3-0: Called Strike
3-1: Base on Balls
Roderick Silva to second
Batting: RHB Júlio Rodríguez 0-0: Foul Ball, location: 2F
0-1: Foul Ball, location: 2F
0-2: Strikes out swinging
Batting: LHB Milo Glenn 0-0: Ball
1-0: SINGLE (Line Drive, 8LS)
Roderick Silva to third
Foster Hapgood to second
Batting: SHB Félix Montoya 0-0: Called Strike
0-1: Swinging Strike
0-2: Foul Ball, location: 2F
0-2: Ground out 6-3 (Groundball, 6MS)
Bottom of the 1st over - 2 run(s), 3 hit(s), 0 error(s), 3 left on base; Nantucket 0 - Athens 2
TOP OF THE 2ND
Nantucket Orcas batting - Pitching for Athens Assassins : RHP Ole Moree
Batting: RHB Anastasio Zartuche 0-0: Ball
1-0: Called Strike
1-1: Called Strike
1-2: Strikes out swinging
Batting: RHB Ramiro Javier 0-0: Swinging Strike
0-1: Called Strike
0-2: Ball
1-2: Ball
2-2: Strikes out swinging
Batting: RHB Domingo Hernández 0-0: Foul Ball, location: 2F
0-1: Called Strike
0-2: Strikes out swinging
Top of the 2nd over - 0 run(s), 0 hit(s), 0 error(s), 0 left on base; Nantucket 0 - Athens 2
BOTTOM OF THE 2ND
Athens Assassins batting - Pitching for Nantucket Orcas : RHP Loeck Adriaanse
Batting: LHB George Flanagan 0-0: Ball
Error on foul ball, E7
1-1: Ground out 6-3 (Groundball, 6)
Batting: SHB Emílio Calvillo 0-0: Ground out 4-3 (Groundball, 4)
Batting: RHB Alexander Barr 0-0: Foul Ball, location: 2F
0-1: Called Strike
0-2: Strikes out swinging
Bottom of the 2nd over - 0 run(s), 0 hit(s), 1 error(s), 0 left on base; Nantucket 0 - Athens 2
TOP OF THE 3RD
Nantucket Orcas batting - Pitching for Athens Assassins : RHP Ole Moree
Batting: LHB Carter Sweet 0-0: Swinging Strike
0-1: Ball
1-1: Ball
2-1: Foul Ball, location: 2F
2-2: Ball
3-2: Strikes out swinging
Batting: RHB Jorge Hernández 0-0: Ball
1-0: Ball
2-0: Ball
3-0: Called Strike
3-1: Fly out, F8 (Line Drive, 8RM)
Batting: RHB Mike Willis 0-0: Ball
1-0: Called Strike
1-1: Swinging Strike
1-2: Ball
2-2: Strikes out swinging
Top of the 3rd over - 0 run(s), 0 hit(s), 0 error(s), 0 left on base; Nantucket 0 - Athens 2
BOTTOM OF THE 3RD
Athens Assassins batting - Pitching for Nantucket Orcas : RHP Loeck Adriaanse
Batting: RHB Jason Erickson 0-0: Ball
1-0: Foul Ball, location: 2F
1-1: Foul Ball, location: 2F
1-2: Fly out, F9 (Flyball, 9)
Batting: RHB Roderick Silva 0-0: Called Strike
0-1: Ball
1-1: Ball
2-1: Called Strike
2-2: Strikes out looking
Batting: RHB Foster Hapgood 0-0: Swinging Strike
0-1: Ground out 1-3 (Groundball, 15S)
Bottom of the 3rd over - 0 run(s), 0 hit(s), 0 error(s), 0 left on base; Nantucket 0 - Athens 2
TOP OF THE 4TH
Nantucket Orcas batting - Pitching for Athens Assassins : RHP Ole Moree
Batting: SHB Cory Campbell 0-0: Ball
1-0: Swinging Strike
1-1: Foul Ball, location: 2F
1-2: Ball
2-2: Ball
3-2: Base on Balls
Batting: RHB Pepe Franco 0-0: Called Strike
0-1: Fly out, F8 (Line Drive, 8LD)
Batting: LHB Noah Gillespie 0-0: Called Strike
0-1: SINGLE (Groundball, 4MD)
Cory Campbell to second
Runner from 2nd tries for 3rd, SAFE, throw made to third
Noah Gillespie to second
Batting: RHB Anastasio Zartuche 0-0: Ball
1-0: Ball
2-0: Called Strike
2-1: Ball
3-1: Base on Balls
Pitching: RHP Cisco López
Batting: RHB Ramiro Javier 0-0: Ball
1-0: Fly out, F7 (Line Drive, 7)
Runner from 3rd tags up, SCORES, no throw
Batting: RHB Domingo Hernández 0-0: Ball
1-0: Ball
2-0: Ball
3-0: Called Strike
3-1: Swinging Strike
3-2: SINGLE (Groundball, 6MD)
Noah Gillespie to third
Anastasio Zartuche to second
Noah Gillespie scores
Anastasio Zartuche to third
Batting: LHB Carter Sweet 0-0: Fly out, F9 (Flyball, 9)
Top of the 4th over - 2 run(s), 2 hit(s), 0 error(s), 2 left on base; Nantucket 2 - Athens 2
BOTTOM OF THE 4TH
Athens Assassins batting - Pitching for Nantucket Orcas : RHP Loeck Adriaanse
Batting: RHB Júlio Rodríguez 0-0: Called Strike
0-1: Ball
1-1: Foul Ball, location: 2F
1-2: Ball
2-2: Foul Ball, location: 2F
2-2: Foul Ball, location: 2F
2-2: Foul Ball, location: 2F
2-2: Ball
3-2: Base on Balls
Batting: LHB Milo Glenn 0-0: Ball
1-0: Ball
2-0: Foul Ball, location: 2F
2-1: Swinging Strike
2-2: Ball
3-2: Base on Balls
Júlio Rodríguez to second
Batting: SHB Félix Montoya 0-0: Ball
1-0: DOUBLE (Line Drive, 89M)
Júlio Rodríguez scores
Milo Glenn to third
Batting: LHB George Flanagan 0-0: Foul Ball, location: 2F
0-1: Foul Ball, location: 2F
0-2: Foul Ball, location: 2F
0-2: Ball
1-2: Ball
2-2: Fly out, F9 (Line Drive, 9)
Runner from 3rd tags up, SCORES, no throw
Batting: SHB Emílio Calvillo 0-0: Ball
1-0: Called Strike
1-1: Ball
2-1: Called Strike
2-2: SINGLE (Line Drive, 4M)
Félix Montoya to third
Runner from 3rd tries for Home, SAFE, no throw
Batting: RHB Alexander Barr 0-0: Called Strike
Emílio Calvillo steals 2nd base
0-1: Ball
1-1: 2-RUN HOME RUN (Flyball, 8RXD), Distance : 416 ft
Pitching: RHP Sean Flynn
Batting: RHB Jason Erickson 0-0: Fly out, F7 (Line Drive, 7)
Batting: RHB Roderick Silva 0-0: Ball
1-0: SOLO HOME RUN (Flyball, 8LXD), Distance : 413 ft
Batting: RHB Foster Hapgood 0-0: Called Strike
0-1: Foul Ball, location: 2F
0-2: Ball
1-2: Foul Ball, location: 2F
1-2: Ball
2-2: Strikes out swinging
Bottom of the 4th over - 6 run(s), 4 hit(s), 0 error(s), 0 left on base; Nantucket 2 - Athens 8
TOP OF THE 5TH
Nantucket Orcas batting - Pitching for Athens Assassins : RHP Cisco López
Batting: RHB Jorge Hernández 0-0: Ball
1-0: Ball
2-0: Called Strike
2-1: Ball
3-1: Base on Balls
Batting: RHB Mike Willis 0-0: Called Strike
0-1: Ball
1-1: Ball
2-1: Grounds into double play, 4-6-3 (Groundball, 4)
Batting: SHB Cory Campbell 0-0: Foul Ball, location: 2F
0-1: Ball
1-1: Ball
2-1: SINGLE (Flyball, 7S)
Batting: RHB Pepe Franco 0-0: Ball
Cory Campbell steals 2nd base
1-0: Ball
2-0: SINGLE (Line Drive, 56D)
Cory Campbell to third
Runner from 3rd tries for Home, SAFE, no throw
Batting: LHB Noah Gillespie 0-0: Foul Ball, location: 2F
0-1: Ball
Wild Pitch!
Pepe Franco to second
1-1: Foul Ball, location: 2F
1-2: Foul Ball, location: 2F
1-2: Foul Ball, location: 2F
1-2: Foul Ball, location: 2F
1-2: Strikes out swinging
Top of the 5th over - 1 run(s), 2 hit(s), 0 error(s), 1 left on base; Nantucket 3 - Athens 8
BOTTOM OF THE 5TH
Athens Assassins batting - Pitching for Nantucket Orcas : RHP Sean Flynn
Batting: RHB Júlio Rodríguez 0-0: Swinging Strike
0-1: Called Strike
0-2: Ball
1-2: Ball
2-2: Strikes out swinging
Batting: LHB Milo Glenn 0-0: Called Strike
0-1: Foul Ball, location: 2F
0-2: Ball
1-2: Ball
2-2: Foul Ball, location: 2F
2-2: Single, Error in OF, E8, batter to second base
Batting: SHB Félix Montoya 0-0: Ball
1-0: Ball
Milo Glenn is caught stealing 3rd base
2-0: Swinging Strike
2-1: Foul Ball, location: 2F
2-2: Ball
3-2: Strikes out swinging
Bottom of the 5th over - 0 run(s), 1 hit(s), 1 error(s), 0 left on base; Nantucket 3 - Athens 8
TOP OF THE 6TH
Nantucket Orcas batting - Pitching for Athens Assassins : RHP Cisco López
Batting: RHB Anastasio Zartuche 0-0: Called Strike
0-1: Called Strike
0-2: Ball
1-2: Ground out 4-3 (Groundball, 4)
Batting: RHB Ramiro Javier 0-0: Ball
1-0: Ball
2-0: Fly out, F9 (Flyball, 89M)
Batting: RHB Domingo Hernández 0-0: Called Strike
0-1: Ball
1-1: Foul Ball, location: 2F
1-2: SINGLE (Groundball, 56D)
Batting: LHB Carter Sweet 0-0: Ball
1-0: Called Strike
1-1: Hit by Pitch
Domingo Hernández to second
Batting: RHB Jorge Hernández 0-0: SINGLE (Groundball, 56) (infield hit)
Domingo Hernández to third
Carter Sweet to second
Batting: RHB Mike Willis 0-0: GRAND SLAM HOME RUN (Flyball, 89XD), Distance : 389 ft
Batting: SHB Cory Campbell 0-0: Ball
1-0: Foul Ball, location: 2F
1-1: Foul Ball, location: 2F
1-2: Ball
2-2: Foul Ball, location: 2F
2-2: Ground out 6-3 (Groundball, 6)
Top of the 6th over - 4 run(s), 3 hit(s), 0 error(s), 0 left on base; Nantucket 7 - Athens 8
BOTTOM OF THE 6TH
Athens Assassins batting - Pitching for Nantucket Orcas : RHP Sean Flynn
Batting: LHB George Flanagan 0-0: SINGLE (Flyball, 9S)
Batting: SHB Emílio Calvillo 0-0: Called Strike
0-1: Swinging Strike
0-2: Foul Ball, location: 2F
0-2: Ball
1-2: Ball
2-2: Foul Ball, location: 2F
2-2: Hit by Pitch
George Flanagan to second
Batting: RHB Alexander Barr 0-0: Ball
1-0: Foul Ball, location: 2F
1-1: Fly out, F6 (Flyball, 6D)
Batting: RHB Jason Erickson 0-0: Ball
1-0: Called Strike
1-1: Ball
2-1: SINGLE (Line Drive, 7S)
George Flanagan to third
Emílio Calvillo to second
Pitching: LHP Josh Chamberlain
Batting: RHB Roderick Silva 0-0: Ball
1-0: Called Strike
1-1: DOUBLE (Line Drive, 7LM)
George Flanagan scores
Emílio Calvillo scores
Jason Erickson to third
Batting: RHB Foster Hapgood 0-0: Called Strike
0-1: Ball
1-1: Foul Ball, location: 2F
1-2: Foul Ball, location: 2F
1-2: Ball
2-2: Strikes out swinging
Batting: RHB Júlio Rodríguez 0-0: Ball
1-0: Called Strike
1-1: Called Strike
1-2: Foul Ball, location: 2F
1-2: Strikes out swinging
Bottom of the 6th over - 2 run(s), 3 hit(s), 0 error(s), 2 left on base; Nantucket 7 - Athens 10
TOP OF THE 7TH
Nantucket Orcas batting - Pitching for Athens Assassins : RHP Cisco López
Pitching: RHP Jason Mason
Batting: RHB Pepe Franco 0-0: Ball
1-0: Called Strike
1-1: Foul Ball, location: 2F
1-2: Ball
2-2: Fly out, F9 (Flyball, 9)
Batting: LHB Noah Gillespie 0-0: Called Strike
0-1: Foul Ball, location: 2F
0-2: Ball
1-2: Ball
2-2: SINGLE (Line Drive, 9S)
Batting: RHB Anastasio Zartuche 0-0: Ball
1-0: Ball
2-0: Foul Ball, location: 2F
2-1: Ground out 5-3 (Groundball, 56)
Noah Gillespie to second
Batting: RHB Ramiro Javier 0-0: Called Strike
0-1: Ball
1-1: Foul Ball, location: 2F
1-2: Foul Ball, location: 2F
1-2: Strikes out looking
Top of the 7th over - 0 run(s), 1 hit(s), 0 error(s), 1 left on base; Nantucket 7 - Athens 10
BOTTOM OF THE 7TH
Athens Assassins batting - Pitching for Nantucket Orcas : LHP Josh Chamberlain
Batting: LHB Milo Glenn 0-0: Ground out U3 (Groundball, 3)
Batting: SHB Félix Montoya 0-0: Foul Ball, location: 2F
0-1: Ball
1-1: Foul Ball, location: 2F
1-2: Strikes out swinging
Batting: LHB George Flanagan 0-0: Called Strike
0-1: Called Strike
0-2: Foul Ball, location: 2F
0-2: Fly out, F6 (Popup, 6D)
Bottom of the 7th over - 0 run(s), 0 hit(s), 0 error(s), 0 left on base; Nantucket 7 - Athens 10
TOP OF THE 8TH
Nantucket Orcas batting - Pitching for Athens Assassins : RHP Jason Mason
Batting: RHB Domingo Hernández 0-0: Ball
1-0: Ball
2-0: Called Strike
2-1: Swinging Strike
2-2: Ground out 5-3 (Groundball, 56S)
Batting: LHB Carter Sweet 0-0: Swinging Strike
0-1: Ball
1-1: Ball
2-1: Ground out 1-3 (Groundball, 13S)
Pitching: RHP León Delgado
Batting: RHB Jorge Hernández 0-0: Ball
1-0: Ball
2-0: Called Strike
2-1: Foul Ball, location: 2F
2-2: SINGLE (Groundball, 4MD)
Pitching: RHP Júlio Lucchi
Batting: RHB Mike Willis 0-0: Swinging Strike
0-1: Swinging Strike
0-2: Strikes out swinging
Top of the 8th over - 0 run(s), 1 hit(s), 0 error(s), 1 left on base; Nantucket 7 - Athens 10
BOTTOM OF THE 8TH
Athens Assassins batting - Pitching for Nantucket Orcas : LHP Josh Chamberlain
Batting: SHB Emílio Calvillo 0-0: Bunted foul
0-1: Foul Ball, location: 2F
0-2: Strikes out swinging
Batting: RHB Alexander Barr 0-0: Foul Ball, location: 2F
0-1: Ball
1-1: Ball
2-1: SINGLE (Line Drive, 8LS)
Batting: RHB Jason Erickson 0-0: Ball
1-0: Fly out, F8 (Flyball, 8RS)
Batting: RHB Roderick Silva 0-0: Ball
1-0: Called Strike
1-1: DOUBLE (Line Drive, 89XD)
Alexander Barr to third
Runner from 3rd tries for Home, SAFE, no throw
Batting: RHB Foster Hapgood 0-0: Ball
1-0: Called Strike
1-1: 2-RUN HOME RUN (Flyball, 7LD), Distance : 368 ft
Batting: RHB Júlio Rodríguez 0-0: Ball
1-0: Ball
2-0: Foul Ball, location: 2F
2-1: SINGLE (Line Drive, 56D)
Pitching: RHP Bob Schneider
Batting: LHB Milo Glenn 0-0: Ball
1-0: Ball
2-0: Called Strike
2-1: Foul Ball, location: 2F
2-2: Ball
3-2: Ground out U3 (Groundball, 34)
Bottom of the 8th over - 3 run(s), 4 hit(s), 0 error(s), 1 left on base; Nantucket 7 - Athens 13
TOP OF THE 9TH
Nantucket Orcas batting - Pitching for Athens Assassins : RHP Júlio Lucchi
Now at C: Luis Méndez
Batting: SHB Cory Campbell 0-0: Called Strike
0-1: Ball
1-1: Called Strike
1-2: Foul Ball, location: 2F
1-2: Foul Ball, location: 2F
1-2: Ball
2-2: Strikes out looking
Batting: RHB Pepe Franco 0-0: Called Strike
0-1: DOUBLE (Line Drive, 7D)
Batting: LHB Noah Gillespie 0-0: Ball
1-0: Ball
2-0: Ball
3-0: Called Strike
3-1: Ground out 4-3 (Groundball, 34D)
Pepe Franco to third
Batting: RHB Anastasio Zartuche 0-0: Ball
Passed Ball!
Pepe Franco scores
1-0: Foul Ball, location: 2F
1-1: Swinging Strike
1-2: Ball
2-2: Strikes out swinging
Top of the 9th over - 1 run(s), 1 hit(s), 0 error(s), 0 left on base; Nantucket 8 - Athens 13
Thursday, March 30th, 2017 - OOTP Baseball 17.12 Build 75